 Dungeon Crawl Stone Soup version 0.16.2-12-gd0ad4c3 (webtiles) character file.

239674 gaypyos the Slayer (level 18, -2/185 HPs)
             Began as a Minotaur Berserker on Oct 31, 2015.
             Was a High Priest of Trog.
             Drowned by a water elemental (5 damage)
             ... summoned by Ilsuiw
             ... on level 5 of the Shoals.
             The game lasted 04:33:26 (46293 turns).

gaypyos the Slayer (Minotaur Berserker)            Turns: 46293, Time: 04:33:26

Health: -2/185     AC: 22    Str: 35    XL:     18   Next: 59%
Magic:  7/7        EV: 20    Int:  4    God:    Trog [*****.]
Gold:   3785       SH:  8    Dex: 15    Spells: 0 memorised, 17 levels left

rFire  . . .     SeeInvis .     d - +3 flail "Zuteef" {venom, rElec rF- rC+ Dex+2}
rCold  + . .     Clarity  .     J - +2 chain mail {rN+}
rNeg   + . .     SustAb   .     e - +0 buckler {rF+}
rPois  +         Gourm    .     (helmet restricted)
rElec  +         Spirit   .     m - +2 cloak {rPois}
rCorr  .         Warding  .     E - +0 pair of gloves
rMut   .         Stasis   +     s - +0 pair of boots
MR     +....                    W - amulet of stasis
Stlth  ..........               k - +3 ring of dexterity
                                u - +2 ring of slaying

@: mighty, engulfed (cannot breathe), flying, somewhat resistant to hostile
enchantments, extremely unstealthy
A: retaliatory headbutt, horns 2
a: Burn Spellbooks, Berserk, Trog's Hand, Brothers in Arms, Renounce Religion
}: 2/15 runes: serpentine, barnacled


You were on level 5 of the Shoals.
You worshipped Trog.
Trog was extremely pleased with you.
You were very hungry.

You visited 5 branches of the dungeon, and saw 37 of its levels.
You also visited: Labyrinth and Ice Cave.

You collected 4103 gold pieces.
You spent 318 gold pieces at shops.

Inventory:

Hand weapons
 d - the +3 flail "Zuteef" (weapon) {venom, rElec rF- rC+ Dex+2}
   (You found it in a labyrinth)

   It poisons the flesh of those it strikes.
   It affects your dexterity (+2).
   It makes you vulnerable to fire.
   It protects you from cold.
   It insulates you from electricity.
Armour
 e - a +0 buckler of fire resistance (worn)
 m - a +2 cloak of poison resistance (worn)
 s - a +0 pair of boots (worn)
 v - a +0 buckler of reflection
 E - a +0 pair of gloves (worn)
 J - a +2 chain mail of positive energy (worn)
Rods
 w - a +1 rod of ignition (13/13)
   (You found it on level 5 of the Shoals)
Jewellery
 j - an uncursed ring of protection from fire
 k - a +3 ring of dexterity (right hand)
 u - a +2 ring of slaying (left hand)
 Q - an uncursed ring of protection from cold
 V - an uncursed ring of see invisible
 W - an amulet of stasis (around neck)
Magical devices
 P - a wand of digging (21)
 Z - a wand of teleportation (5)
Scrolls
 a - 4 scrolls of blinking
 b - a scroll of torment {unknown}
 f - 6 scrolls of enchant armour {unknown}
 i - a scroll of silence {unknown}
 n - 13 scrolls of teleportation
 q - 19 scrolls of remove curse
 t - 2 scrolls of fog {unknown}
 x - 3 scrolls of fear
 y - 2 scrolls of magic mapping
 z - a scroll of summoning {unknown}
 A - a scroll of identify
 G - 4 scrolls of recharging
 N - 2 scrolls of acquirement {unknown}
 O - 3 scrolls of immolation {unknown}
 R - 7 scrolls of enchant weapon
 Y - 3 scrolls of holy word {unknown}
Potions
 h - 6 potions of flight
 l - 9 potions of heal wounds
 o - 2 potions of lignification
 p - 7 potions of invisibility
 r - 3 potions of cancellation
 B - 6 potions of restore abilities
 C - a potion of magic {unknown}
 D - 3 potions of haste
 F - 3 potions of agility
 H - a potion of cure mutation {unknown}
 I - 4 potions of might
 K - 14 potions of curing
 M - a potion of beneficial mutation {unknown}
 U - 2 potions of ambrosia
 X - 2 potions of resistance
Comestibles
 c - 18 bread rations
 g - 10 beef jerkies
 L - 2 fruits
 S - 6 meat rations
 T - 9 slices of pizza


   Skills:
 + Level 22.5 Fighting
 - Level 14.0 Maces & Flails
 - Level 16.0 Armour
 + Level 16.9 Dodging
 - Level 16.0 Shields


You had 17 spell levels left.
You didn't know any spells.

Dungeon Overview and Level Annotations

Branches:
Dungeon (15/15)            Temple (0/1) D:7            Lair (8/8) D:10
 Shoals (5/5) Lair:6        Snake (5/5) Lair:5        Slime (0/6) Lair:7
    Orc (4/4) D:10            Elf (0/3) Orc:3        Vaults (0/5) D:14
 Depths (0/5) D:15

Altars:
Ashenzari
Cheibriados
Dithmenos
Gozag
Makhleb
Okawaru
Ru
Sif Muna
The Shining One
Beogh

Shops:
Orc:3 }!   Orc:4 }([%

Portals:
Hell: Lair:8
Trove: D:15 (give +4 demon trident)

Annotations:
Lair:7 1 exclusion
Shoals:5 Ilsuiw
Snake:1 1 exclusion


Innate Abilities, Weirdness & Mutations

You reflexively headbutt those who attack you in melee.
You have a pair of horns on your head.


Message History

Something freezes you.
* * * LOW HITPOINT WARNING * * *
You sock the siren! You headbutt the siren!
The siren is almost dead.
You break out of your daze!
You kill the siren!
Trog accepts your kill.
You hear a splash.
You block the water elemental's attack. The water elemental hits you!
* * * LOW HITPOINT WARNING * * *
The water elemental engulfs you in water!
With effort, you pull free of the water engulfing you.
You gasp with relief as air once again reaches your lungs.
You hear some strange, mumbled words.
The water elemental hits you!
* * * LOW HITPOINT WARNING * * *
The water elemental engulfs you in water!
Found 9 bolts.
You feel more buoyant.
You die...

≈≈≈≈≈...≈. ≈≈≈≈≈≈≈≈≈≈ ≈≈≈≈≈≈.≈≈≈
≈≈≈≈≈≈≈≈≈≈ ≈≈≈≈≈..≈≈# #≈≈
≈≈≈≈≈≈≈≈.. ≈≈≈≈≈.≈.≈ #≈≈≈# ##
≈≈≈≈≈≈≈.... ≈≈≈≈≈..≈#≈≈≈≈≈≈# ≈#
≈≈≈≈≈≈≈≈.... ≈≈≈≈≈.≈≈#≈≈≈≈≈#≈ ≈#
≈≈≈≈≈≈≈≈≈.... ≈≈≈≈≈..≈#≈≈#≈#≈.
.#≈≈≈≈≈≈≈≈≈≈≈≈..
≈≈≈≈≈...##≈≈#≈.(#..≈≈≈≈≈≈≈≈≈≈≈≈≈≈
≈≈≈≈≈...≈##≈...#@#..≈≈≈≈≈≈≈≈≈≈≈≈≈
≈≈≈≈≈....[##.E)E#...≈≈≈≈≈≈≈≈≈≈≈≈≈
≈≈≈≈≈≈.....####{E...≈≈≈#####≈≈≈≈≈
≈≈≈≈≈≈≈.......≈)†E..≈≈##.≈≈##≈≈≈≈
≈≈≈≈≈≈≈≈.......E....≈≈#..≈).#≈≈≈≈
≈≈≈≈≈≈≈≈≈.........≈≈≈#.[.))'....
≈≈≈≈≈≈≈≈≈........≈≈≈#...))#....
≈≈≈≈≈≈≈≈≈........≈≈≈##..)##....
≈≈≈≈≈≈≈≈≈........≈≈.#####.....


You could see 4 water elementals.

Vanquished Creatures
  Polyphemus (Shoals:4)
  The ghost of Woxaris the Bludgeoner, a powerful MiBe of Trog (Snake:4)
  7 greater nagas (Snake:5)
  A very ugly thing (D:14)
  4 merfolk javelineers
  Snorg (Snake:2)
  9 merfolk impalers
  A vault guard (D:14)
  A minotaur (Lab)
  Fannar (D:10)
  9 hydras
  4 centaur warriors
  3 catoblepae
  8 naga warriors
  3 ogre magi
  A rakshasa (D:15)
  2 merfolk avatars (Shoals:5)
  11 anacondas
  Erica (D:10)
  An alligator snapping turtle (Shoals:4)
  A merfolk aquamancer (Shoals:5)
  A satyr (Shoals:4)
  2 tengu warriors
  21 naga sharpshooters
  8 shock serpents
  2 death yaks (Shoals:4)
  Nergalle (Lair:4)
  2 orc high priests
  3 salamander mystics
  5 skeletal warriors
  2 unseen horrors
  19 slime creatures
  A giant orange brain (shapeshifter) (D:15)
  A deep troll (Orc:4)
  5 naga ritualists
  An ice statue (IceCv)
  11 harpies
  15 sea snakes
  A giant orange brain (D:15)
  3 orc knights
  A wolf spider zombie (D:15)
  Pikel (D:6)
  6 hill giants
  A wizard (Lair:8)
  A lindwurm (shapeshifter) (D:15)
  10 griffons
  10 mana vipers
  4 manticores
  12 salamanders
  An orc sorcerer (Orc:3)
  9 cyclopes
  10 fauns
  41 black mambas
  13 elephants
  2 centaur zombies
  16 naga magi
  4 water nymphs
  Maurice (Orc:1)
  14 sirens
  Joseph (D:9)
  7 ugly things
  A torpor snail (shapeshifter) (D:15)
  9 komodo dragons
  5 guardian serpents
  7 centaur skeletons
  17 spiny frogs
  5 fire drakes
  A redback zombie (D:15)
  4 kobold demonologists (D:12)
  30 merfolk
  2 tengu conjurers
  9 two-headed ogres
  A jumping spider (shapeshifter) (D:13)
  Sonja (D:13)
  2 polar bears
  4 blue devils (Lair:8)
  13 trolls
  6 ravens
  A wolf spider simulacrum (D:15)
  3 wind drakes
  16 blink frogs
  A raiju (shapeshifter) (D:15)
  5 snapping turtles
  3 basilisks
  A spriggan (Lair:8)
  A trapdoor spider (D:14)
  6 wyverns
  2 wraiths (D:15)
  A shadow (D:11)
  A spriggan (shapeshifter) (D:15)
  16 yaks
  4 water elementals
  Eustachio (D:6)
  Grum (D:12)
  13 hippogriffs
  3 wargs
  10 wolves
  A human (D:9)
  3 vampire mosquitoes
  A soldier ant (D:14)
  Edmund (D:9)
  51 nagas
  36 water moccasins
  2 mottled dragons (D:14)
  17 ice beasts
  14 porcupines
  A necrophage (D:7)
  2 slaves (D:5)
  A black bear (D:9)
  20 orc warriors
  29 ogres
  A boring beetle (Lair:5)
  17 centaurs
  An eye of draining (shapeshifter) (D:14)
  2 phantoms
  A sky beast (D:15)
  A wasp (D:13)
  Sigmund (D:2)
  Duvessa (D:8)
  12 crocodiles
  23 giant frogs
  4 big kobolds
  Blork the orc (D:4)
  A scorpion (D:8)
  5 killer bees (D:12)
  7 wights
  A vampire bat (D:3)
  Dowan (D:8)
  2 quasits
  2 giant frog zombies
  5 crimson imps
  11 hounds
  5 jellies
  2 giant frog skeletons
  16 orc priests
  10 iguanas
  Natasha (twice) (D:3)
  7 worker ants
  26 orc wizards
  8 sheep
  Ijyb (D:2)
  3 hound zombies
  2 mummies
  A worker ant zombie (D:9)
  An orc zombie (Orc:2)
  Robin (D:3)
  8 river rats
  3 giant mites
  38 adders
  2 shadow imps
  13 white imps
  4 worms
  2 adder skeletons
  3 fire bats (D:3)
  An ooze (D:2)
  149 orcs
  2 spectral bats (D:3)
  4 ball pythons
  24 bats
  5 bat skeletons
  A bat zombie (D:3)
  7 giant cockroaches
  17 hobgoblins
  6 jackals
  15 quokkas
  A bat simulacrum (D:3)
  7 giant geckos
  6 giant newts
  A giant spore (D:8)
  29 goblins
  13 kobolds
  A quokka skeleton (D:6)
  2 quokka zombies
  9 rats
  A ballistomycete (D:14)
  A fungus (Lair:8)
1285 creatures vanquished.

Vanquished Creatures (collateral kills)
  Rupert (Snake:3)
  A hell beast (Lair:8)
  2 hydras
  2 naga warriors (Snake:5)
  A centaur warrior (D:15)
  A merfolk aquamancer (Shoals:5)
  A merfolk avatar (Shoals:3)
  A naga sharpshooter (Snake:4)
  An iron troll (Orc:4)
  A sea snake (Shoals:5)
  A naga ritualist (Snake:4)
  2 mana vipers (Snake:4)
  2 orc sorcerers
  An orc knight (D:15)
  3 harpies (Shoals:4)
  2 black mambas
  A water nymph (Shoals:4)
  A guardian serpent (Snake:5)
  3 elephants (Lair:8)
  A naga mage (Snake:2)
  2 orange demons (Lair:8)
  A spiny frog (Lair:8)
  A komodo dragon (Lair:5)
  2 red devils (Lair:8)
  A tengu conjurer (D:13)
  A hellwing (Lair:8)
  5 merfolk
  2 trolls (Orc:4)
  A two-headed ogre (Orc:4)
  A snapping turtle (Shoals:5)
  2 blue devils (Lair:8)
  A blink frog (Lair:7)
  2 ravens
  A hippogriff (Shoals:1)
  4 wolves
  4 nagas
  4 orc warriors
  A water moccasin (Snake:4)
  4 ice beasts (IceCv)
  2 ogres
  A giant frog (Lair:5)
  3 orc priests
  An orc wizard (D:15)
  4 river rats (Lair:6)
  19 orcs
  A goblin (Orc:4)
  A plant (Shoals:1)
101 creatures vanquished.

Vanquished Creatures (others)
  2 naga sharpshooters (Snake:3)
  A guardian serpent (Snake:5)
  2 drowned souls (Shoals:5)
  A centaur skeleton (D:14)
  3 trolls
  A hornet zombie (D:14)
  3 two-headed ogres
  A slave (D:6)
  5 ogres
  3 centaurs
  An orc priest (D:14)
  2 orcs
  3 giant spores
  6 fungi
  24 plants
58 creatures vanquished.

Grand Total: 1444 creatures vanquished

Notes
Turn   | Place    | Note
--------------------------------------------------------------
     0 | D:1      | gaypyos, the Minotaur Berserker, began the quest for the Orb.
     0 | D:1      | Reached XP level 1. HP: 19/19 MP: 1/1
   159 | D:1      | Reached skill level 4 in Maces & Flails
   263 | D:1      | Reached XP level 2. HP: 16/26 MP: 1/1
   823 | D:1      | Acquired Trog's second power
   924 | D:2      | Reached skill level 5 in Maces & Flails
   985 | D:2      | Noticed Ijyb
   991 | D:2      | Killed Ijyb
   991 | D:2      | Reached XP level 3. HP: 31/31 MP: 2/2
  1230 | D:2      | Reached XP level 4. HP: 18/39 MP: 2/2
  1404 | D:2      | Reached skill level 6 in Maces & Flails
  1487 | D:2      | Noticed Sigmund
  1502 | D:2      | Killed Sigmund
  1502 | D:2      | Reached skill level 7 in Maces & Flails
  1502 | D:2      | Reached XP level 5. HP: 45/45 MP: 2/2
  2030 | D:3      | Noticed Robin
  2037 | D:3      | Killed Robin
  2125 | D:3      | Found an opulent altar of Gozag.
  2190 | D:3      | Acquired Trog's third power
  2190 | D:3      | Reached skill level 8 in Maces & Flails
  2289 | D:3      | Noticed Natasha
  2309 | D:3      | Killed Natasha
  2309 | D:3      | Reached XP level 6. HP: 40/51 MP: 3/3
  2666 | D:3      | Reached skill level 9 in Maces & Flails
  2751 | D:3      | Received a gift from Trog
  2930 | D:3      | Reached XP level 7. HP: 57/57 MP: 3/3
  3149 | D:3      | Noticed Natasha
  3151 | D:3      | Killed Natasha
  3356 | D:4      | Noticed Blork the orc
  3360 | D:4      | Killed Blork the orc
  3360 | D:4      | Reached skill level 10 in Maces & Flails
  3768 | D:4      | Found a snail-covered altar of Cheibriados.
  3975 | D:5      | Entered Level 5 of the Dungeon
  4258 | D:5      | Reached skill level 11 in Maces & Flails
  4429 | D:5      | Found a shattered altar of Ashenzari.
  4444 | D:5      | Reached XP level 8. HP: 9/64 MP: 3/3
  5063 | D:6      | Noticed Eustachio
  5067 | D:6      | Noticed Pikel
  5073 | D:6      | Killed Eustachio
  5073 | D:6      | Reached skill level 12 in Maces & Flails
  5310 | D:6      | Killed Pikel
  5630 | D:6      | Found a sacrificial altar of Ru.
  5689 | D:6      | Found a glowing drain.
  5733 | D:6      | Reached XP level 9. HP: 71/82 MP: 4/4
  6107 | D:7      | Received a gift from Trog
  6510 | D:7      | Reached skill level 5 in Armour
  7016 | D:7      | Found a staircase to the Ecumenical Temple.
  7724 | D:8      | Received a gift from Trog
  7729 | D:8      | Reached XP level 10. HP: 88/91 MP: 1/4
  7778 | D:8      | Found a glowing golden altar of the Shining One.
  7833 | D:8      | Found a shadowy altar of Dithmenos.
  7863 | D:8      | Noticed Dowan
  7864 | D:8      | Noticed Duvessa
  7868 | D:8      | Killed Duvessa
  7871 | D:8      | Killed Dowan
  7941 | D:8      | Noticed a centaur skeleton
  7948 | D:8      | Killed a centaur skeleton
  8049 | D:8      | Reached skill level 13 in Maces & Flails
  8466 | D:9      | Noticed Edmund
  8474 | D:9      | Killed Edmund
  8485 | D:9      | Received a gift from Trog
  8659 | D:9      | Noticed Joseph
  8666 | D:9      | Killed Joseph
  8666 | D:9      | Reached skill level 14 in Maces & Flails
  9065 | D:9      | Found a deep blue altar of Sif Muna.
  9195 | D:10     | Entered Level 10 of the Dungeon
  9290 | D:10     | Noticed Fannar
  9299 | D:10     | Killed Fannar
  9299 | D:10     | Reached skill level 10 in Fighting
  9491 | D:10     | Found a staircase to the Orcish Mines.
  9602 | D:10     | Found a staircase to the Lair.
  9874 | D:10     | Noticed Erica
  9887 | D:10     | Killed Erica
  9887 | D:10     | Reached XP level 11. HP: 104/104 MP: 1/4
  9943 | Lair:1   | Entered Level 1 of the Lair of Beasts
 11034 | Lair:2   | You fall through a shaft for 2 floors!
 11034 | Lair:4   | Found an iron altar of Okawaru.
 11130 | Lair:4   | Reached skill level 1 in Shields
 11425 | Lair:4   | Noticed Nergalle
 11434 | Lair:4   | Killed Nergalle
 11434 | Lair:4   | Reached skill level 5 in Shields
 11561 | Lair:3   | Received a gift from Trog
 11962 | Lair:3   | Noticed a six-headed hydra
 11967 | Lair:3   | Killed a six-headed hydra
 12200 | Lair:2   | Noticed a five-headed hydra
 12211 | Lair:2   | Killed a five-headed hydra
 12751 | Lair:2   | Reached XP level 12. HP: 109/117 MP: 5/5
 13530 | Lair:5   | Reached skill level 10 in Shields
 14145 | Lair:5   | Found a staircase to the Snake Pit.
 15127 | Lair:5   | Received a gift from Trog
 15478 | Lair:5   | Noticed a six-headed hydra
 15488 | Lair:5   | Killed a six-headed hydra
 15554 | Lair:6   | Reached XP level 13. HP: 95/124 MP: 5/5
 15773 | Lair:6   | Noticed a catoblepas
 15786 | Lair:6   | Killed a catoblepas
 15969 | Lair:6   | Noticed a five-headed hydra
 15979 | Lair:6   | Killed a five-headed hydra
 16007 | Lair:6   | Reached skill level 15 in Shields
 16043 | Lair:6   | Got a glittering lead ring
 16111 | Lair:6   | Identified the ring "Utselo Komp" {Wiz MR+ Str-4 Int+2 SInv Stlth-} (You found it on level 6 of the Lair of Beasts)
 16136 | Lair:6   | Noticed a catoblepas
 16160 | Lair:6   | Killed a catoblepas
 16467 | Lair:6   | Found a staircase to the Shoals.
 17017 | Lair:7   | Found a frozen archway.
 17236 | IceCv    | Entered an ice cave
 17828 | Lair:7   | Found a staircase to the Slime Pits.
 17892 | Lair:7   | Reached skill level 16 in Shields
 17921 | Lair:7   | Received a gift from Trog
 18716 | Lair:8   | Entered Level 8 of the Lair of Beasts
 19186 | Lair:8   | Reached skill level 15 in Fighting
 19646 | Lair:8   | Received a gift from Trog
 20530 | Lair:8   | Reached XP level 14. HP: 80/138 MP: 5/5
 20718 | Lair:8   | Found a burning altar of Makhleb.
 20740 | Lair:8   | Reached skill level 17 in Fighting
 20743 | Lair:8   | Found a gateway to Hell.
 21402 | Orc:1    | Entered Level 1 of the Orcish Mines
 21503 | Orc:1    | Noticed Maurice
 21514 | Orc:1    | Killed Maurice
 21820 | Orc:1    | Received a gift from Trog
 22293 | Orc:2    | Received a gift from Trog
 22416 | Orc:3    | Found Nuoph's Distillery.
 22485 | Orc:3    | Bought a potion of resistance for 120 gold pieces
 22485 | Orc:3    | Bought a potion of mutation for 30 gold pieces
 22485 | Orc:3    | Bought a potion of might for 48 gold pieces
 22581 | Orc:3    | Found Weinkar's Quality Used Wands.
 22665 | Orc:3    | Found a roughly hewn altar of Beogh.
 22744 | Orc:3    | Found a staircase to the Elven Halls.
 22908 | Orc:4    | Entered Level 4 of the Orcish Mines
 22967 | Orc:4    | Received a gift from Trog
 22998 | Orc:4    | Found Magett's Armour Shop.
 23014 | Orc:4    | Reached skill level 18 in Fighting
 23231 | Orc:4    | Found a labyrinth entrance.
 23250 | Lab      | Entered a labyrinth
 23457 | Lab      | Found an exit through the horrors of the Abyss.
 23600 | Lab      | Got a brightly glowing flail
 23685 | Orc:4    | Identified the cursed +3 flail "Zuteef" {venom, rElec rF- rC+ Dex+2} (You found it in a labyrinth)
 23745 | Orc:4    | Found Xatah's Gadget Emporium.
 23757 | Orc:4    | Found Praepsez's Weapon Boutique.
 23759 | Orc:4    | Found Kabem's Food Boutique.
 23798 | Orc:4    | Bought 5 tomahawks of returning for 50 gold pieces
 23809 | Orc:4    | Received a gift from Trog
 23818 | Orc:4    | Bought a bread ration for 70 gold pieces
 24767 | D:11     | Reached skill level 10 in Armour
 25348 | D:13     | Reached skill level 5 in Dodging
 25705 | D:13     | Noticed Sonja
 25715 | D:13     | Killed Sonja
 25787 | D:13     | Received a gift from Trog
 25791 | D:13     | Got a shimmering lajatang {god gift}
 25797 | D:13     | Identified the +4 lajatang of Twilight {slice, rElec Int+2} (Trog gifted it to you on level 13 of the Dungeon)
 26351 | D:12     | Found a shadowy altar of Dithmenos.
 26454 | D:12     | Noticed Grum
 26460 | D:12     | Killed Grum
 26471 | D:12     | Reached XP level 15. HP: 137/151 MP: 6/6
 26814 | D:12     | Received a gift from Trog
 28208 | D:14     | Found a gate to the Vaults.
 28305 | D:15     | Entered Level 15 of the Dungeon
 28348 | D:15     | Received a gift from Trog
 29903 | D:15     | Reached skill level 10 in Dodging
 29915 | D:15     | Found a staircase to the Depths.
 30268 | D:15     | Received a gift from Trog
 30274 | D:15     | Found a portal to a secret trove of treasure.
 31591 | D:15     | Got a faintly humming chain mail
 31602 | D:15     | Identified the cursed -4 chain mail of Card Tricks {rN+ Str-5 Int+4} (You found it on level 15 of the Dungeon)
 31932 | Snake:1  | Entered Level 1 of the Snake Pit
 31975 | Snake:1  | Reached XP level 16. HP: 155/159 MP: 6/6
 32351 | Snake:2  | Noticed Snorg
 32364 | Snake:2  | Killed Snorg
 32586 | Snake:2  | Reached skill level 19 in Fighting
 33382 | Snake:2  | Reached skill level 15 in Armour
 34771 | Snake:3  | Received a gift from Trog
 35199 | Snake:3  | Noticed Rupert
 35214 | Snake:3  | Killed Rupert
 35634 | Snake:4  | Noticed Woxaris' ghost (powerful MiBe)
 35643 | Snake:4  | Received a gift from Trog
 35683 | Snake:4  | Killed Woxaris' ghost
 36644 | Snake:4  | Received a gift from Trog
 36738 | Snake:4  | Reached skill level 20 in Fighting
 36738 | Snake:4  | Reached XP level 17. HP: 111/170 MP: 6/6
 37035 | Snake:5  | Entered Level 5 of the Snake Pit
 40025 | Snake:5  | Reached skill level 21 in Fighting
 40167 | Snake:5  | Got a serpentine rune of Zot
 40217 | Snake:5  | Received a gift from Trog
 40470 | Snake:5  | Reached skill level 15 in Dodging
 40800 | Shoals:1 | Entered Level 1 of the Shoals
 42972 | Shoals:3 | Received a gift from Trog
 42972 | Shoals:3 | Reached XP level 18. HP: 108/182 MP: 7/7
 44082 | Shoals:4 | Noticed Polyphemus
 44092 | Shoals:4 | Killed Polyphemus
 44216 | Shoals:4 | Reached skill level 22 in Fighting
 44718 | Shoals:5 | Entered Level 5 of the Shoals
 45056 | Shoals:5 | Received a gift from Trog
 45076 | Shoals:5 | Got a barnacled rune of Zot
 46255 | Shoals:5 | Noticed Ilsuiw
 46287 | Shoals:5 | HP: 8/185 [merfolk aquamancer/shard of ice (22)]
 46292 | Shoals:5 | HP: 3/185 [water elemental[Ilsuiw] (11)]
 46293 | Shoals:5 | Drowned by a water elemental

Action                   |  1- 3 |  4- 6 |  7- 9 | 10-12 | 13-15 | 16-18 || total
-------------------------+-------+-------+-------+-------+-------+-------++-------
Melee: Mace              |    35 |       |       |       |       |       ||    35
       Flail             |    29 |   117 |   161 |   405 |  1801 |  1635 ||  4148
       Dire flail        |       |       |   115 |   219 |       |       ||   334
       Unarmed           |       |       |       |       |       |    64 ||    64
Throw: Tomahawk          |       |       |       |     4 |       |       ||     4
Invok: Berserk           |     1 |     4 |     7 |     7 |     7 |     6 ||    32
       Burn Spellbooks   |       |       |     2 |     4 |     2 |     6 ||    14
       Brothers in Arms  |       |       |       |     3 |    16 |    17 ||    36
Evoke: Wand              |       |       |     1 |       |     3 |       ||     4
  Use: Scroll            |       |       |     7 |    15 |    19 |    10 ||    51
       Potion            |       |       |       |     1 |     2 |     7 ||    10
 Stab: Sleeping          |     1 |     1 |       |       |       |       ||     2
       Distracted        |       |       |       |       |     1 |     1 ||     2
  Eat: Chunk             |     1 |     7 |    14 |     9 |    41 |    32 ||   104
       Royal jelly       |       |     1 |     1 |       |     3 |     2 ||     7
       Meat ration       |       |       |     2 |     4 |     1 |       ||     7
       Fruit             |       |       |       |     5 |     8 |     9 ||    22
       Pizza             |       |       |       |       |       |     7 ||     7
